 Dungeon Crawl Stone Soup version 0.28-a0-95-g65e1ffefe4 (webtiles) character file.

Game seed: 8271386501185010133

28 Zandan the Digger (level 3, -2/19 HPs)
             Began as a Gargoyle Earth Elementalist on Aug 8, 2021.
             Slain by a goblin (6 damage)
             ... led by Robin
             ... on level 1 of the Dungeon.
             The game lasted 00:03:20 (1195 turns).

Zandan the Digger (Gargoyle Earth Elementalist)     Turns: 1195, Time: 00:03:21

Health: -2/19      AC:  6    Str: 11    XL:     3   Next: 14%
Magic:  1/7        EV: 11    Int: 16    God:
Gold:   9          SH:  0    Dex: 10    Spells: 3/7 levels left

rFire   . . .      SeeInvis .   a - +0 mace
rCold   . . .      Faith    .   (no shield)
rNeg    + . .      Spirit   .   b - +0 robe
rPois   ∞          Reflect  .   (no helmet)
rElec   +          Harm     .   (no cloak)
rCorr   .          Rampage  .   f - +0 pair of gloves
Will    .....                   (no boots)
Stlth   ++........              (no amulet)
HPRegen 0.06/turn               (no ring)
MPRegen 0.10/turn               (no ring)

@: brilliant
A: sickness immunity, AC +3, negative energy resistance 1, electricity
resistance, torment resistance 1, petrification resistance
a: no special abilities


You were on level 1 of the Dungeon.
You visited 1 branch of the dungeon, and saw 2 of its levels.

You collected 9 gold pieces.

Inventory:

Hand Weapons
 a - a +0 mace (weapon)
Missiles
 c - 122 stones
Armour
 b - a +0 robe (worn)
 f - a +0 pair of gloves (worn)
Potions
 e - a potion of curing


   Skills:
 - Level 1.5 Dodging
 - Level 2.1 Stealth
 + Level 2.7 Spellcasting
 + Level 0.2 Conjurations
 - Level 0.7 Transmutations
 + Level 4.4 Earth Magic


You had 3 spell levels left.
You knew the following spells:

 Your Spells              Type           Power      Damage    Failure   Level
a - Sandblast             Erth           48%        2d12      3%          1
b - Stone Arrow           Conj/Erth      28%        3d8       22%         3

Your spell library contained the following spells:

 Spells                   Type           Power      Damage    Failure   Level
 Passwall                 Tmut/Erth      12%        N/A       11%         2
 Slow                     Hex            3%         N/A       28%         2
 Confusing Touch          Hex            3%         N/A       50%         3
 Vampiric Draining        Necr           1%         2d6       50%         3
 Petrify                  Tmut/Erth      15%        N/A       56%         4


Dungeon Overview and Level Annotations

Branches:
Dungeon (2/15)

Altars:

Annotations:
D:2 Robin


Innate Abilities, Weirdness & Mutations

You are immune to sickness and miasma.
Your stone body is resilient. (AC +3)
You are immune to poison.
You resist negative energy. (rN+)
You are resistant to electric shocks. (rElec)
You are resistant to unholy torment.
You are immune to petrification.


Message History

A goblin comes into view. It is wielding a +0 club.
You closely miss the goblin. The goblin hits you but does no damage.
The goblin hits you with a +0 club. The goblin hits you but does no damage.
You hit the goblin but do no damage.
The goblin no longer looks unusually strong.
The goblin hits you but does no damage. x2; The goblin closely misses you.
You sock the goblin!
You kill the goblin!
Robin roars a battlecry!
The goblins go into a battle-frenzy!
The goblin hits you but does no damage.
Things that are here:
a +0 club; a goblin corpse Robin throws the goblin at you!
The goblin hits you with a +0 club.
You barely miss the goblin.
Robin says, "Kneel, worm!"
Robin throws the goblin at you! The goblin hits you with a +0 club. x2
The goblin barely misses you.
Unknown command.
Unknown command.
The goblin hits you with a +0 club. x2
The goblin barely misses you. Robin throws the goblin at you!
The goblin barely misses you.
There is a stone staircase leading up here.
The goblin closely misses you.
You climb upwards.
There is a stone staircase leading down here.
Unknown command.
Casting: Sandblast (safe; 3% risk of failure)
Confirm with . or Enter, or press ? or * to list all spells.
Aiming: Sandblast (safe; 3% risk of failure)
Press: ? - help, Shift-Dir - straight line, f - goblin
Aim: a goblin, wielding a +0 club (strong, 76% to hit)
You feel a surge of power!
The blast of sand misses the goblin.
The goblin closely misses you. The goblin hits you with a +0 club.
* * * LOW HITPOINT WARNING * * *
Unknown command.
The goblin hits you but does no damage. The goblin hits you with a +0 club.
You die...

.........#...# #...#
......##.#.#.# #...#
.............###...#
#####.#....#..##...#
......#....#.))..###
#.###.#.#..##.##.#
#...#............#
###.#...#...##.#.# #
#.#..##...##.#@# #
#.#..##...##..g#
###.#..##...###.g#######
.=..#..###..##..>......#
#####........#.........#
#.####.###.........#
#.####.###.........#
#.#................#
#.#................#


You could see 2 goblins.

Vanquished Creatures
  A dart slug (D:2)
  3 bats (D:1)
  2 endoplasms (D:1)
  7 goblins
  3 jackals (D:1)
  A quokka (D:1)
  A frilled lizard (D:1)
  2 kobolds
  3 rats (D:1)
23 creatures vanquished.

Notes
Turn   | Place    | Note
-------+----------+-------------------------------------------
     0 | D:1      | Zandan the Gargoyle Earth Elementalist began the quest for
                  | the Orb.
     0 | D:1      | Reached XP level 1. HP: 10/10 MP: 3/3
    59 | D:1      | Reached skill level 4 in Earth Magic
    59 | D:1      | Reached XP level 2. HP: 5/15 MP: 0/5
  1128 | D:2      | Reached XP level 3. HP: 17/19 MP: 6/6
  1132 | D:2      | Learned a level 3 spell: Stone Arrow
  1165 | D:2      | Noticed Robin
  1195 | D:1      | Slain by a goblin

Illustrated notes

Levels and vault maps discovered:
D:1:      dpeg_arrival_round_b, layout_basic
D:2:      layout_rooms, dreamdust_ecumenical_altar_drowned_temple, basic_altar,
          uniq_robin, uniq_terence

Skill      XL: |  1 |
---------------+----+-----
Earth Magic    | 4 |  4.4
Dodging        | |  1.5
Stealth        | |  2.1
Spellcasting   | |  2.7
Conjurations   | |  0.2
Transmutations | |  0.7

Action                   || total
-------------------------++-------
Melee: Mace              ||    40
Throw: Boomerang         ||     2
 Cast: Sandblast         ||    18
  Use: Scroll            ||     1
       Potion            ||     2
Armor: Robe              ||    32
Dodge: Dodged            ||    37

Table legend: (Time is in decaauts)
 A = Elapsed time spent in this place.
 B = Non-inter-level travel time spent in this place.
 C = Inter-level travel time spent in this place.
 D = Time resting spent in this place.
 E = Time spent auto-exploring this place.
 F = Levels seen in this place.
 G = Mean time per level.
                   A        B        C        D        E       F      G
               +--------+--------+--------+--------+--------+-----+--------+
         Total |   1211 |   1206 |      5 |     77 |    889 |   2 |  605.5 |
       Dungeon |   1211 |   1206 |      5 |     77 |    889 |   2 |  605.5 |
               +--------+--------+--------+--------+--------+-----+--------+

Top non-repeatable levels by time:
     D:1: 1130 daAuts
     D:2: 80 daAuts
